[ PARTIDA AOE2 · #494972570 ]
UnrankedTurcos vs Huns
Equipo del jugador · VICT
Equipo rival · DERR
[ ANÁLISIS DE REPETICIÓN · EXTRAÍDO DE LA PARTIDA GRABADA ]
Feudal
8:51
Castillos
23:29
Imperial
—
| APM promedio | 68.4 |
| APM pico | 137 |
| eAPM promedio | 32.2 |
| Aldeanos / militares | 180 / 133 |
Foco
⚔️ 33.6% · 🌾 66.4%
Camel Scout ×65 · Cavalry Archer ×37 · Janissary ×11 · Scout Cavalry ×7 · Monk ×6 · Knight ×3
Feudal
8:51
Castillos
30:50
Imperial
—
| APM promedio | 64.3 |
| APM pico | 112 |
| eAPM promedio | 31.1 |
| Aldeanos / militares | 141 / 135 |
Foco
⚔️ 51.4% · 🌾 48.6%
Knight ×35 · Scout Cavalry ×32 · Spearman ×26 · Tarkan ×20 · Scorpion ×11 · Skirmisher ×9
Mapa de la partida
Recursos iniciales + cada clic de construcción. Líneas = muros · curvas = relieve. ◆ oro · ⬟ piedra · ● bayas · ✦ reliquia · ◌ hueco del cierre
Tu base· Abierta — flanco sin cerrar
Base de Courtesy· ✓ Cerrada en 30:50 · 48t muro · 6 puerta(s)
Terreno inicial suavizado · ◌ = hueco del cierre detectado · pasá el cursor para detalles
Inputs por minuto
— 云闲 - - Courtesy
Build order — 云闲
Primeras 150 de 516 acciones detectadas
| 0:00 | Encolar | Villager (Male) |
| 0:01 | Encolar | Villager (Male) |
| 0:01 | Encolar | Villager (Male) |
| 0:01 | Encolar | Villager (Male) |
| 0:02 | Construir | House |
| 0:03 | Construir | House |
| 1:27 | Encolar | Villager (Male) |
| 1:27 | Encolar | Villager (Male) |
| 1:27 | Encolar | Villager (Male) |
| 1:58 | Encolar | Villager (Male) |
| 1:58 | Encolar | Villager (Male) |
| 2:09 | Construir | Lumber Camp |
| 2:13 | Encolar | Villager (Male) |
| 2:56 | Encolar | Villager (Male) |
| 2:57 | Encolar | Villager (Male) |
| 2:59 | Encolar | Villager (Male) |
| 3:33 | Encolar | Villager (Male) |
| 3:38 | Construir | House |
| 3:40 | Construir | House |
| 3:44 | Encolar | Villager (Male) |
| 3:44 | Encolar | Villager (Male) |
| 3:46 | Encolar | Villager (Male) |
| 4:29 | Encolar | Villager (Male) |
| 5:22 | Construir | Mill |
| 5:25 | Encolar | Villager (Male) |
| 5:48 | Encolar | Villager (Male) |
| 6:05 | Investigar | Loom |
| 6:05 | Investigar | Loom |
| 6:28 | Investigar | Feudal Age |
| 6:28 | Investigar | Feudal Age |
| 7:45 | Construir | Barracks |
| 7:56 | Encolar | Villager (Male) |
| 8:51 | Edad | Edad Feudal |
| 8:52 | Encolar | Spearman |
| 8:57 | Investigar | Double-Bit Axe |
| 8:57 | Investigar | Double-Bit Axe |
| 9:03 | Encolar | Villager (Male) |
| 9:13 | Construir | Stable |
| 9:16 | Construir | Stable |
| 9:26 | Construir | Farm |
| 9:28 | Encolar | Villager (Male) |
| 9:31 | Construir | Farm |
| 9:42 | Construir | House |
| 10:06 | Encolar | Villager (Male) |
| 10:11 | Encolar | Scout Cavalry |
| 10:32 | Construir | Palisade Wall |
| 10:33 | Construir | Palisade Wall |
| 10:35 | Encolar | Villager (Male) |
| 10:42 | Encolar | Scout Cavalry |
| 11:02 | Encolar | Villager (Male) |
| 11:10 | Construir | Mill |
| 11:15 | Encolar | Villager (Male) |
| 11:20 | Construir | Mining Camp |
| 11:24 | Encolar | Villager (Male) |
| 11:58 | Construir | Watch Tower |
| 12:04 | Construir | Farm |
| 12:06 | Construir | Farm |
| 12:07 | Construir | Farm |
| 12:35 | Construir | Farm |
| 12:41 | Construir | Farm |
| 12:50 | Encolar | Villager (Male) |
| 13:49 | Encolar | Villager (Male) |
| 13:49 | Encolar | Villager (Male) |
| 13:51 | Construir | Farm |
| 13:53 | Construir | House |
| 14:09 | Encolar | Scout Cavalry |
| 14:21 | Encolar | Villager (Male) |
| 14:45 | Encolar | Villager (Male) |
| 14:47 | Construir | Farm |
| 14:49 | Construir | Farm |
| 14:49 | Construir | Farm |
| 14:50 | Construir | Farm |
| 14:50 | Construir | Farm |
| 14:50 | Construir | Farm |
| 15:06 | Encolar | Villager (Male) |
| 15:07 | Construir | Farm |
| 15:08 | Construir | Farm |
| 15:17 | Encolar | Villager (Male) |
| 16:05 | Encolar | Villager (Male) |
| 16:06 | Encolar | Scout Cavalry |
| 16:14 | Construir | Farm |
| 16:17 | Encolar | Villager (Male) |
| 16:32 | Encolar | Scout Cavalry |
| 16:38 | Encolar | Villager (Male) |
| 16:51 | Investigar | Town Watch |
| 16:51 | Investigar | Town Watch |
| 16:55 | Construir | Farm |
| 17:00 | Construir | Blacksmith |
| 17:04 | Encolar | Scout Cavalry |
| 17:06 | Encolar | Villager (Male) |
| 17:06 | Encolar | Villager (Male) |
| 17:25 | Construir | House |
| 17:29 | Construir | House |
| 17:32 | Encolar | Villager (Male) |
| 17:42 | Encolar | Villager (Male) |
| 17:48 | Construir | Watch Tower |
| 17:57 | Construir | Mining Camp |
| 17:57 | Encolar | Villager (Male) |
| 18:03 | Construir | House |
| 18:25 | Encolar | Villager (Male) |
| 18:53 | Encolar | Villager (Male) |
| 18:58 | Construir | Market |
| 19:15 | Construir | Farm |
| 19:16 | Construir | Farm |
| 19:47 | Encolar | Villager (Male) |
| 19:54 | Construir | House |
| 20:12 | Construir | House |
| 20:49 | Investigar | Castle Age |
| 20:49 | Investigar | Castle Age |
| 21:23 | Investigar | Horse Collar |
| 21:36 | Investigar | Fletching |
| 21:36 | Investigar | Fletching |
| 21:36 | Investigar | Fletching |
| 21:49 | Construir | Archery Range |
| 21:56 | Construir | Archery Range |
| 22:56 | Encolar | Villager (Male) |
| 23:17 | Encolar | Scout Cavalry |
| 23:19 | Investigar | Bloodlines |
| 23:19 | Investigar | Bloodlines |
| 23:25 | Construir | House |
| 23:27 | Construir | Palisade Wall |
| 23:29 | Edad | Edad de los Castillos |
| 23:33 | Construir | Palisade Wall |
| 23:34 | Construir | Palisade Wall |
| 23:40 | Encolar | Knight |
| 23:42 | Encolar | Cavalry Archer |
| 23:42 | Encolar | Cavalry Archer |
| 23:45 | Construir | House |
| 23:46 | Construir | Palisade Wall |
| 23:59 | Encolar | Villager (Male) |
| 24:08 | Encolar | Knight |
| 24:09 | Encolar | Villager (Male) |
| 24:11 | Construir | Farm |
| 24:12 | Construir | Farm |
| 24:24 | Encolar | Cavalry Archer |
| 24:24 | Encolar | Cavalry Archer |
| 24:27 | Encolar | Villager (Male) |
| 24:55 | Encolar | Villager (Male) |
| 25:13 | Encolar | Villager (Male) |
| 25:19 | Encolar | Knight |
| 25:24 | Construir | Farm |
| 25:30 | Encolar | Villager (Male) |
| 25:43 | Encolar | Camel Scout |
| 25:44 | Encolar | Villager (Male) |
| 25:47 | Encolar | Villager (Male) |
| 25:50 | Construir | House |
| 25:52 | Construir | House |
| 26:11 | Encolar | Villager (Male) |
| 26:25 | Encolar | Villager (Male) |
| 26:35 | Encolar | Camel Scout |
Build order — Courtesy
Primeras 150 de 486 acciones detectadas
| 0:01 | Encolar | Villager (Male) |
| 0:05 | Encolar | Villager (Male) |
| 0:05 | Encolar | Villager (Male) |
| 0:05 | Encolar | Villager (Male) |
| 1:25 | Encolar | Villager (Male) |
| 1:51 | Encolar | Villager (Male) |
| 1:55 | Construir | Lumber Camp |
| 2:13 | Encolar | Villager (Male) |
| 2:33 | Encolar | Villager (Male) |
| 2:59 | Encolar | Villager (Male) |
| 3:36 | Encolar | Villager (Male) |
| 3:38 | Encolar | Villager (Male) |
| 4:06 | Encolar | Villager (Male) |
| 4:08 | Encolar | Villager (Male) |
| 4:30 | Encolar | Villager (Male) |
| 4:48 | Encolar | Villager (Male) |
| 4:50 | Construir | Mill |
| 5:27 | Investigar | Loom |
| 6:21 | Encolar | Villager (Male) |
| 6:34 | Investigar | Feudal Age |
| 7:26 | Encolar | Villager (Male) |
| 7:39 | Construir | Barracks |
| 8:08 | Construir | Barracks |
| 8:51 | Edad | Edad Feudal |
| 8:53 | Construir | Archery Range |
| 8:54 | Encolar | Spearman |
| 8:55 | Investigar | Double-Bit Axe |
| 8:56 | Encolar | Villager (Male) |
| 9:14 | Encolar | Villager (Male) |
| 9:22 | Encolar | Skirmisher |
| 9:27 | Encolar | Villager (Male) |
| 9:39 | Encolar | Skirmisher |
| 9:45 | Construir | Palisade Gate |
| 9:50 | Construir | Palisade Wall |
| 9:54 | Encolar | Villager (Male) |
| 10:27 | Construir | Mill |
| 10:28 | Encolar | Spearman |
| 10:40 | Construir | Farm |
| 10:41 | Construir | Farm |
| 10:44 | Construir | Farm |
| 10:59 | Construir | Palisade Wall |
| 11:01 | Encolar | Villager (Male) |
| 11:03 | Construir | Palisade Wall |
| 11:08 | Encolar | Spearman |
| 11:26 | Encolar | Skirmisher |
| 11:27 | Encolar | Villager (Male) |
| 11:29 | Construir | Farm |
| 11:37 | Construir | Palisade Wall |
| 11:37 | Construir | Palisade Wall |
| 11:41 | Construir | Palisade Wall |
| 11:41 | Construir | Palisade Wall |
| 11:43 | Encolar | Spearman |
| 11:51 | Construir | Palisade Wall |
| 11:53 | Construir | Palisade Wall |
| 11:54 | Construir | Palisade Wall |
| 12:00 | Encolar | Spearman |
| 12:01 | Encolar | Skirmisher |
| 12:04 | Encolar | Villager (Male) |
| 12:20 | Encolar | Villager (Male) |
| 12:39 | Encolar | Villager (Male) |
| 12:52 | Encolar | Villager (Male) |
| 12:54 | Construir | Farm |
| 13:07 | Encolar | Spearman |
| 13:07 | Encolar | Skirmisher |
| 13:21 | Construir | Watch Tower |
| 13:22 | Encolar | Villager (Male) |
| 13:31 | Construir | Farm |
| 13:32 | Construir | Farm |
| 13:34 | Construir | Farm |
| 13:37 | Construir | Farm |
| 13:39 | Construir | Farm |
| 13:47 | Encolar | Spearman |
| 13:57 | Encolar | Spearman |
| 14:14 | Encolar | Villager (Male) |
| 14:22 | Encolar | Spearman |
| 14:35 | Encolar | Villager (Male) |
| 14:48 | Construir | Palisade Wall |
| 14:50 | Construir | Palisade Wall |
| 14:52 | Construir | Palisade Wall |
| 14:53 | Construir | Palisade Wall |
| 14:54 | Encolar | Spearman |
| 15:06 | Encolar | Villager (Male) |
| 15:07 | Encolar | Skirmisher |
| 15:08 | Encolar | Villager (Male) |
| 15:24 | Encolar | Villager (Male) |
| 15:27 | Construir | Mining Camp |
| 15:44 | Encolar | Villager (Male) |
| 15:45 | Encolar | Skirmisher |
| 15:53 | Encolar | Spearman |
| 15:54 | Encolar | Spearman |
| 16:01 | Encolar | Villager (Male) |
| 16:10 | Construir | Farm |
| 16:11 | Construir | Farm |
| 16:16 | Construir | Palisade Wall |
| 16:19 | Investigar | Horse Collar |
| 16:20 | Encolar | Spearman |
| 16:35 | Encolar | Villager (Male) |
| 16:38 | Encolar | Skirmisher |
| 16:42 | Construir | Farm |
| 16:43 | Encolar | Villager (Male) |
| 16:44 | Construir | Farm |
| 16:51 | Construir | Mining Camp |
| 16:59 | Encolar | Spearman |
| 17:04 | Encolar | Villager (Male) |
| 17:22 | Encolar | Spearman |
| 17:33 | Construir | Watch Tower |
| 17:38 | Construir | Farm |
| 17:39 | Construir | Farm |
| 17:46 | Construir | Palisade Wall |
| 17:47 | Construir | Palisade Wall |
| 17:50 | Construir | Palisade Wall |
| 17:53 | Encolar | Villager (Male) |
| 17:59 | Encolar | Skirmisher |
| 18:04 | Construir | Farm |
| 18:06 | Construir | Farm |
| 18:30 | Encolar | Villager (Male) |
| 18:38 | Encolar | Villager (Male) |
| 18:43 | Encolar | Spearman |
| 18:58 | Encolar | Villager (Male) |
| 19:00 | Construir | Stable |
| 19:14 | Construir | Palisade Gate |
| 19:25 | Encolar | Villager (Male) |
| 19:41 | Construir | Blacksmith |
| 19:46 | Encolar | Archer |
| 19:49 | Encolar | Scout Cavalry |
| 19:50 | Encolar | Villager (Male) |
| 19:53 | Construir | Farm |
| 20:00 | Encolar | Villager (Male) |
| 20:02 | Construir | Stone Wall |
| 20:04 | Construir | Stone Wall |
| 20:07 | Construir | Stone Wall |
| 20:09 | Construir | Stone Wall |
| 20:15 | Encolar | Villager (Male) |
| 20:18 | Encolar | Villager (Male) |
| 20:19 | Construir | Stone Wall |
| 20:20 | Construir | Stone Wall |
| 20:29 | Encolar | Scout Cavalry |
| 20:32 | Investigar | Forging |
| 20:32 | Investigar | Forging |
| 20:33 | Encolar | Villager (Male) |
| 20:34 | Construir | Farm |
| 20:35 | Construir | Farm |
| 20:37 | Construir | Farm |
| 20:38 | Construir | Farm |
| 20:50 | Encolar | Scout Cavalry |
| 21:08 | Construir | Mining Camp |
| 21:12 | Encolar | Villager (Male) |
| 21:17 | Construir | Farm |
| 21:19 | Encolar | Villager (Male) |
| 21:26 | Encolar | Scout Cavalry |
Cronología de la partida
| 7:39 | Courtesy · first_building Barracks |
| 7:45 | 云闲 · first_building Barracks |
| 8:51 | Courtesy · age_up feudal |
| 8:51 | 云闲 · age_up feudal |
| 8:53 | Courtesy · first_building Archery Range |
| 9:13 | 云闲 · first_building Stable |
| 9:50 | Courtesy · wall_segment Palisade Wall x1 |
| 10:32 | 云闲 · wall_segment Palisade Wall x6 |
| 10:33 | 云闲 · wall_segment Palisade Wall x2 |
| 10:59 | Courtesy · wall_segment Palisade Wall x1 |
| 11:03 | Courtesy · wall_segment Palisade Wall x2 |
| 11:37 | Courtesy · wall_segment Palisade Wall x1 |
| 11:37 | Courtesy · wall_segment Palisade Wall x1 |
| 11:41 | Courtesy · wall_segment Palisade Wall x1 |
| 11:41 | Courtesy · wall_segment Palisade Wall x1 |
| 11:51 | Courtesy · wall_segment Palisade Wall x1 |
| 11:53 | Courtesy · wall_segment Palisade Wall x1 |
| 11:54 | Courtesy · wall_segment Palisade Wall x1 |
| 14:48 | Courtesy · wall_segment Palisade Wall x1 |
| 14:50 | Courtesy · wall_segment Palisade Wall x1 |
| 14:52 | Courtesy · wall_segment Palisade Wall x1 |
| 14:53 | Courtesy · wall_segment Palisade Wall x1 |
| 16:16 | Courtesy · wall_segment Palisade Wall x1 |
| 17:46 | Courtesy · wall_segment Palisade Wall x1 |
| 17:47 | Courtesy · wall_segment Palisade Wall x1 |
| 17:50 | Courtesy · wall_segment Palisade Wall x1 |
| 19:00 | Courtesy · first_building Stable |
| 20:02 | Courtesy · wall_segment Stone Wall x1 |
| 20:04 | Courtesy · wall_segment Stone Wall x1 |
| 20:07 | Courtesy · wall_segment Stone Wall x1 |
| 20:09 | Courtesy · wall_segment Stone Wall x1 |
| 20:19 | Courtesy · wall_segment Stone Wall x2 |
| 20:20 | Courtesy · wall_segment Stone Wall x1 |
| 21:49 | 云闲 · first_building Archery Range |
| 23:27 | 云闲 · wall_segment Palisade Wall x1 |
| 23:29 | 云闲 · age_up castle |
| 23:33 | 云闲 · wall_segment Palisade Wall x1 |
| 23:34 | 云闲 · wall_segment Palisade Wall x1 |
| 23:46 | 云闲 · wall_segment Palisade Wall x2 |
| 26:35 | Courtesy · wall_segment Palisade Wall x1 |
| 26:59 | Courtesy · wall_segment Palisade Wall x16 |
| 27:15 | Courtesy · wall_segment Stone Wall x1 |
| 27:16 | Courtesy · wall_segment Stone Wall x1 |
| 27:17 | Courtesy · wall_segment Stone Wall x1 |
| 27:30 | Courtesy · first_market_buy 100 food |
| 27:53 | Courtesy · first_market_sell 100 wood |
| 29:12 | 云闲 · wall_segment Palisade Wall x1 |
| 29:12 | 云闲 · wall_segment Palisade Wall x1 |
| 29:57 | Courtesy · wall_segment Stone Wall x1 |
| 29:59 | Courtesy · wall_segment Stone Wall x1 |
| 30:25 | Courtesy · wall_segment Stone Wall x1 |
| 30:26 | Courtesy · wall_segment Stone Wall x1 |
| 30:50 | Courtesy · age_up castle |
| 32:43 | 云闲 · wall_segment Palisade Wall x2 |
| 34:24 | 云闲 · first_building Monastery |
| 34:54 | 云闲 · wall_segment Palisade Wall x1 |
| 36:19 | Courtesy · first_building Monastery |
| 36:45 | Courtesy · wall_segment Palisade Wall x1 |
| 39:09 | Courtesy · first_building Castle |
| 41:13 | Courtesy · first_building Siege Workshop |
| 43:31 | 云闲 · first_building Castle |
| 45:22 | 云闲 · first_market_sell 500 wood |
| 46:59 | 云闲 · first_building Siege Workshop |
| 49:24 | Courtesy · resign |
[ ANÁLISIS IA · 1 CRÉDITO ]
¿Qué pasó realmente en esta partida?
Wolo.gg analiza cada decisión: build order, eco, micro, errores típicos por bracket. Análisis personalizado por WhatsApp o Discord en 30 segundos.
Guía civ
Turcos
Perfil
Jugador #5902182